 Dungeon Crawl Stone Soup version 0.31-a0-702-gf82c85558f (webtiles) character file.

Game seed: 11105260235648469691

308 qw the Shooter (level 6, -5/38 HPs)
             Began as a Gargoyle Hunter on Sept 8, 2023.
             Slain by a gnoll
             ... wielding a +0 halberd
             ... led by a gnoll bouda
              (9 damage)
             ... on level 4 of the Dungeon.
             The game lasted 00:00:56 (2673 turns).

qw the Shooter (Gargoyle Hunter)                    Turns: 2673, Time: 00:00:56

Health: -5/38      AC: 12    Str: 15    XL:     6   Next: 40%
Magic:  6/6        EV: 11    Int:  9    God:
Gold:   195        SH:  0    Dex: 15    Spells: 5/5 levels left

rFire   . . .        Y - +0 shortbow
rCold   . . .        (shield currently unavailable)
rNeg    + . .        e - +0 ring mail
rPois   inf          (no helmet)
rElec   +            (no cloak)
rCorr   .            (no gloves)
SInv    .            h - +2 pair of boots
Will    .....        d - amulet of faith
Stlth   +            (no ring)
HPRegen 0.26/turn    (no ring)
MPRegen 0.10/turn

%: faith
@: weakened
A: sickness immunity, AC +4, negative energy resistance 1, electricity
resistance, torment resistance 1, petrification resistance
a: no special abilities


You were on level 4 of the Dungeon.
You visited 1 branch of the dungeon, and saw 4 of its levels.

You collected 195 gold pieces.


Innate Abilities, Weirdness & Mutations

You are immune to sickness and miasma.
Your stone body is resilient. (AC +4)
You are immune to poison.
You resist negative energy. (rN+)
You are resistant to electric shocks. (rElec)
You are resistant to unholy torment.
You are immune to petrification.


   Skills:
 + Level 3.7 Fighting
 - Level 6.8 Ranged Weapons
 - Level 1.0 Armour
 - Level 1.5 Dodging
 - Level 1.1 Stealth


You had 5 spell levels left.
You didn't know any spells.
Your spell library was empty.

Inventory:

Hand Weapons
 Y - a +0 shortbow (weapon)
Armour
 e - a +0 ring mail (worn)
 h - a +2 pair of boots (worn)
Jewellery
 d - an amulet of faith (around neck)
Scrolls
 b - 2 scrolls of identify
 g - a scroll of poison {unknown}
Potions
 a - a potion of might {unknown}
 c - a potion of mutation {unknown}
 f - 2 potions of curing
 i - a potion of enlightenment {unknown}

Dungeon Overview and Level Annotations

Branches:
Dungeon (4/15)
 Temple: D:4-7

Altars:
Elyvilon
Zin


Message History

The arrow hits the gnoll but does no damage.
The gnoll closely misses you.
You shoot an arrow. The arrow hits the gnoll.
The gnoll is lightly wounded.
The gnoll barely misses you. x2; The gnoll hits you but does no damage.
You shoot an arrow. The arrow hits the gnoll.
The gnoll is lightly wounded.
The gnoll closely misses you.
The gnoll hits you from afar with a +0 halberd!
You shoot an arrow. The arrow hits the gnoll!
You kill the gnoll!
The gnoll hits you from afar with a +0 halberd.
The gnoll bouda gazes fiercely through you!
You feel your attacks grow feeble. The gnoll bouda misses you.
You shoot an arrow. The arrow hits the gnoll bouda.
The gnoll bouda is lightly wounded.
The gnoll hits you but does no damage.
The gnoll bouda hits you with a +0 whip!
You shoot an arrow. The arrow hits the gnoll bouda.
The gnoll bouda is lightly wounded.
The gnoll is no longer moving quickly.
The gnoll barely misses you.
The gnoll bouda hits you but does no damage.
You shoot an arrow. The arrow hits the gnoll bouda.
The gnoll bouda is moderately wounded.
The gnoll closely misses you. The gnoll bouda barely misses you.
You shoot an arrow.
The arrow hits the gnoll bouda but does no damage.
The gnoll bouda is moderately wounded.
The gnoll hits you but does no damage.
The gnoll bouda barks out a call to the hunt!
The gnoll picks up the pace!
You shoot an arrow.
The arrow hits the gnoll bouda but does no damage.
The gnoll bouda is moderately wounded.
The gnoll is no longer moving quickly.
The gnoll barely misses you.
The gnoll bouda barks out a call to the hunt!
The gnoll picks up the pace!
The gnoll hits you from afar with a +0 halberd!
You die...

##........##...#
###........#.....####
##..............##.#.#
)...###........####.##
..### ##......## ###
..## ##....## #..##
##.....###
#...###.......g####
#...#......##.gg@.###
.......##..######...#
.###...##g.# ##### ##
##..##..# # #.....g.#
##....#.. #..#####..
#..# ... ...## #...


You could see a gnoll bouda and 2 gnolls.

Vanquished Creatures
  Eustachio (D:4)
  A jelly (D:4)
  5 gnolls (D:4)
  5 adders
  2 worms
  A dart slug (D:2)
  2 orcs
  3 bats
  4 endoplasms
  A giant cockroach (D:4)
  5 goblins
  4 hobgoblins
  2 quokkas
  A frilled lizard (D:1)
  3 kobolds
  9 rats
49 creatures vanquished.

Notes
Turn   | Place    | Note
-------+----------+-------------------------------------------
     0 | D:1      | qw the Gargoyle Hunter began the quest for the Orb.
     0 | D:1      | Reached XP level 1. HP: 12/12 MP: 1/1
     0 | D:1      | 0 ||| qw: Version: 0.3-a-76-g4403597
     0 | D:1      | 0 ||| qw: Game counter: 984
     0 | D:1      | 0 ||| qw: Melee chars always use a shield: true
     0 | D:1      | 0 ||| qw: God list: Okawaru
     0 | D:1      | 0 ||| qw: Allow faded altars: false
     0 | D:1      | 0 ||| qw: Do Orc after clearing Dungeon:15 true
     0 | D:1      | 0 ||| qw: Do second Lair branch before Depths: true
     0 | D:1      | 0 ||| qw: Lair rune preference: random
     0 | D:1      | 0 ||| qw: Goals: Normal
     0 | D:1      | 0 ||| PLANNING D:1-11
   127 | D:1      | You fall into a shaft and drop 1 floor!
   164 | D:2      | Reached XP level 2. HP: 16/17 MP: 2/2
   186 | D:2      | Identified the +5 scale mail "Musu" {rPois Dex+2}
   202 | D:2      | 202 ||| UPGRADING to +0 ring mail.
   212 | D:2      | 212 ||| DROPPING +0 leather armour.
   213 | D:2      | 213 ||| READING 2 scrolls labelled WOJODU SOLO.
   214 | D:2      | 214 ||| READING scroll labelled IXZICIPPOEGI.
   215 | D:2      | 215 ||| DROPPING scroll of butterflies.
   226 | D:2      | 226 ||| FLEEEEING.
   227 | D:2      | 227 ||| FLEEEEING.
   229 | D:2      | 229 ||| FLEEEEING.
   230 | D:2      | 230 ||| FLEEEEING.
   231 | D:2      | 231 ||| STAIRDANCE
   257 | D:1      | Reached skill level 1 in Armour
   257 | D:1      | Reached XP level 3. HP: 21/21 MP: 3/3
   454 | D:1      | 454 ||| READING scroll labelled XOACETUONK.
   545 | D:2      | Reached skill level 5 in Ranged Weapons
   866 | D:2      | Reached XP level 4. HP: 27/27 MP: 4/4
   990 | D:2      | 990 ||| READING scroll labelled BAMION CU YSOSM.
   995 | D:2      | 995 ||| DRINKING 3 gluggy blue potions.
  1036 | D:3      | Reached skill level 3 in Fighting
  1499 | D:3      | Found a white marble altar of Elyvilon.
  1501 | D:3      | Found a glowing silver altar of Zin.
  1926 | D:3      | 1926 ||| UPGRADING to +1 pair of boots.
  1931 | D:3      | 1931 ||| READING scroll of enchant armour.
  1931 | D:3      | 1931 ||| ENCHANTING +1 pair of boots.
  1932 | D:3      | 1932 ||| UPGRADING to amulet of faith.
  1937 | D:3      | 1937 ||| READING scroll labelled MENLEM RAOL.
  1938 | D:3      | 1938 ||| READING scroll labelled ZAFIUM USTRACU.
  1939 | D:3      | 1939 ||| DRINKING 2 sapphire potions.
  1940 | D:3      | 1940 ||| DROPPING potion of degeneration.
  2208 | D:4      | Reached XP level 5. HP: 32/32 MP: 5/5
  2235 | D:4      | Noticed Eustachio
  2255 | D:4      | HP: 7/32 [Eustachio/puff of flame (8)]
  2261 | D:4      | 2261 ||| Stepping ~*~*~tactically~*~*~ (retreating).
  2262 | D:4      | 2262 ||| Stepping ~*~*~tactically~*~*~ (retreating).
  2263 | D:4      | 2263 ||| Stepping ~*~*~tactically~*~*~ (retreating).
  2264 | D:4      | 2264 ||| Stepping ~*~*~tactically~*~*~ (retreating).
  2265 | D:4      | 2265 ||| Stepping ~*~*~tactically~*~*~ (retreating).
  2266 | D:4      | 2266 ||| Stepping ~*~*~tactically~*~*~ (retreating).
  2267 | D:4      | 2267 ||| Stepping ~*~*~tactically~*~*~ (retreating).
  2269 | D:4      | Killed Eustachio
  2270 | D:4      | Reached skill level 6 in Ranged Weapons
  2270 | D:4      | Reached XP level 6. HP: 12/37 MP: 6/6
  2438 | D:4      | HP: 7/37 [gnoll/+0 spear (4)]
  2650 | D:4      | 2650 ||| Stepping ~*~*~tactically~*~*~ (outnumbered).
  2654 | D:4      | 2654 ||| Stepping ~*~*~tactically~*~*~ (retreating).
  2655 | D:4      | 2655 ||| Stepping ~*~*~tactically~*~*~ (retreating).
  2656 | D:4      | 2656 ||| Stepping ~*~*~tactically~*~*~ (retreating).
  2657 | D:4      | 2657 ||| Stepping ~*~*~tactically~*~*~ (retreating).
  2660 | D:4      | 2660 ||| Stepping ~*~*~tactically~*~*~ (retreating).
  2662 | D:4      | 2662 ||| Stepping ~*~*~tactically~*~*~ (retreating).
  2663 | D:4      | 2663 ||| Stepping ~*~*~tactically~*~*~ (retreating).
  2664 | D:4      | 2664 ||| Stepping ~*~*~tactically~*~*~ (retreating).
  2669 | D:4      | HP: 2/38 [gnoll bouda/+0 whip (8)]
  2673 | D:4      | Slain by a gnoll

Levels and vault maps discovered:
D:1:      lightli_arrival_chessboard, layout_rooms, serial_park_tiny_2,
          minmay_rat_gold_closets
D:2:      layout_loops_cross
D:3:      layout_basic, chequers_temple_overflow_statue_of_worship,
          nicolae_houndstooth_variations
D:4:      layout_layer_cave, serial_park_tiny_2, hangedman_decor_peaks_small,
          minmay_strange_pillars, uniq_eustachio

Skill      XL: |  1  2  3  4  5 |
---------------+----------------+-----
Armour         | 1 |  1.0
Ranged Weapons | 5 6 |  6.8
Fighting       | 3 |  3.7
Dodging        | |  1.5
Stealth        | |  1.1

Action                     |  1- 3 |  4- 6 || total
---------------------------+-------+-------++-------
   Fire: Shortbow          |    83 |   122 ||   205
    Use: Scroll            |     3 |     4 ||     7
         Potion            |       |     2 ||     2
 Armour: Leather armour    |     5 |       ||     5
         Ring mail         |    13 |    49 ||    62
  Dodge: Dodged            |    21 |    42 ||    63

Table legend:
 A = Non-vault XP
 B = Vault XP
 C = Vault XP percentage of total XP
 D = Non-vault monster count
 E = Vault monster count
 F = Vault count percentage of total count
                 A         B        C        D         E       F
            +---------+---------+-------+---------+---------+-------
      Total |     238 |     203 |  46.0 |      41 |       8 |  16.3
            +---------+---------+-------+---------+---------+-------
        D:1 |      18 |       7 |  28.0 |      10 |       7 |  41.2
        D:2 |      59 |       0 |   0.0 |      13 |       0 |   0.0
        D:3 |      23 |       0 |   0.0 |       5 |       0 |   0.0
        D:4 |     138 |     196 |  58.7 |      13 |       1 |   7.1
            +---------+---------+-------+---------+---------+-------
